 Dungeon Crawl Stone Soup version 0.25-a0-875-geaba134f46 (webtiles) character file.

Game seed: 1970653796131869518, levelgen mode: deterministic

57514 Hasart the Gelid (level 14, -8/78 HPs)
             Began as a Deep Elf Ice Elementalist on May 1, 2020.
             Was a High Priest of Vehumet.
             Mangled by a sixfirhy (10 damage)
             ... summoned by an orc sorcerer
             ... led by an orc warlord
             ... while paralysed by an orc sorcerer
             ... on level 2 of the Orcish Mines.
             The game lasted 01:16:21 (24376 turns).

Hasart the Gelid (Deep Elf Ice Elementalist)       Turns: 24376, Time: 01:16:22

Health: -8/78      AC: 10    Str:  9    XL:     14   Next: 46%
Magic:  5/33       EV:  2    Int: 26    God:    Vehumet [*****.]
Gold:   1220       SH:  0    Dex: 17    Spells: 15/39 levels left

rFire    + . .     SeeInvis .   M - +3 scimitar "Cizuz" {freeze, rPois Str+4 Dex+2}
rCold    . . .     Gourm    .   K - +0 buckler
rNeg     . . .     Faith    +   U - +0 troll leather armour
rPois    +         Spirit   .   u - +2 hat
rElec    .         Reflect  .   q - +0 cloak
rCorr    .         Harm     .   W - +2 pair of gloves
MR       +....                  (no boots)
Stlth    +++.......             J - amulet of faith
HPRegen  0.63/turn              e - ring of stealth
MPRegen  0.23/turn              j - ring of protection from fire

@: paralysed, studying Charms
A: no striking features
a: Renounce Religion


You were on level 2 of the Orcish Mines.
You worshipped Vehumet.
Vehumet was extremely pleased with you.
You were not hungry.

You visited 3 branches of the dungeon, and saw 19 of its levels.

You collected 1379 gold pieces.
You spent 159 gold pieces at shops.

Inventory:

Hand Weapons
 M - the +3 scimitar "Cizuz" (weapon) {freeze, rPois Str+4 Dex+2}
   (You found it on level 9 of the Dungeon)

   It has been specially enchanted to freeze those struck by it, causing extra
   injury to most foes and up to half again as much damage against particularly
   susceptible opponents.
   It can also slow down cold-blooded creatures.
   It affects your strength (+4).
   It affects your dexterity (+2).
   It protects you from poison.
Armour
 q - a +0 cloak (worn)
 u - a +2 hat (worn)
 K - a +0 buckler (worn)
 U - a +0 troll leather armour (worn)
 W - a +2 pair of gloves (worn)
Magical Staves
 G - an uncursed staff of poison
Jewellery
 e - a ring of stealth (left hand)
 j - a ring of protection from fire (right hand)
 J - an amulet of faith (around neck)
Wands
 I - a wand of acid (22)
 R - a wand of scattershot (9)
 T - a wand of iceblast (23)
 V - a wand of clouds (6)
Scrolls
 i - 17 scrolls of identify
 l - 3 scrolls of remove curse
 m - 3 scrolls of immolation
 p - 2 scrolls of enchant weapon {unknown}
 s - 7 scrolls of fear {unknown}
 t - 4 scrolls of blinking {unknown}
 x - 11 scrolls of teleportation
 y - 3 scrolls of amnesia {unknown}
 B - 2 scrolls of magic mapping {unknown}
 H - 4 scrolls of noise {unknown}
 L - 3 scrolls of random uselessness {unknown}
 P - 2 scrolls of fog {unknown}
 S - 3 scrolls of enchant armour {unknown}
Potions
 b - 6 potions of might {unknown}
 d - 3 potions of heal wounds
 g - 2 potions of flight {unknown}
 h - 9 potions of curing
 n - 6 potions of lignification {unknown}
 o - 3 potions of brilliance {unknown}
 r - a potion of haste
 w - a potion of berserk rage {unknown}
 z - a potion of degeneration {unknown}
 A - a potion of cancellation {unknown}
 C - a potion of ambrosia {unknown}
 D - 3 potions of invisibility {unknown}
 O - a potion of resistance
 Q - 2 potions of mutation {unknown}
Books
 F - a manual of Charms
Comestibles
 a - 17 chunks of flesh
 c - 28 rations


   Skills:
 - Level 5.0 Fighting
 - Level 8.0 Dodging
 - Level 2.4 Stealth
 - Level 5.0 Shields
 + Level 13.1 Spellcasting
 + Level 10.2 Conjurations
 - Level 6.0 Charms
 - Level 8.0 Summonings
 - Level 8.2 Translocations
 - Level 6.0 Fire Magic
 * Level 15.4 Ice Magic
 + Level 4.5 Evocations


You had 15 spell levels left.
You knew the following spells:

 Your Spells              Type           Power        Failure   Level  Hunger
a - Freeze                Ice            ####         0%          1    None
b - Frozen Ramparts       Ice            ######       1%          3    None
c - Blink                 Tloc           N/A          1%          2    None
d - Hailstorm             Conj/Ice       ######..     1%          4    None
e - Summon Ice Beast      Ice/Summ       ######..     1%          4    None
f - Sticky Flame          Conj/Fire      ######..     1%          4    None
s - Magic Dart            Conj           ####         1%          1    None
z - Iskenderun's Battles  Conj/Chrm      ######..     1%          5    ##.....

Your spell library contained the following spells:

 Spells                   Type           Power        Failure   Level  Hunger
 Fireball                 Conj/Fire      ######....   1%          5    ##.....
 Apportation              Tloc           ######       1%          1    None
 Summon Butterflies       Summ           ######..     1%          1    None
 Summon Small Mammal      Summ           ####         1%          1    None
 Call Imp                 Summ           ######..     1%          2    None
 Ensorcelled Hibernation  Hex/Ice        ######       1%          2    None
 Conjure Flame            Conj/Fire      ######..     1%          3    None
 Dazzling Flash           Conj/Hex       #####.       1%          3    None
 Lesser Beckoning         Tloc           ######....   1%          3    None
 Mephitic Cloud           Conj/Pois/Air  ####....     1%          3    None
 Ozocubu's Armour         Chrm/Ice       ######..     1%          3    None
 Stone Arrow              Conj/Erth      #####.       1%          3    None
 Animate Skeleton         Necr           N/A          4%          1    None
 Corona                   Hex            ###....      4%          1    None
 Pain                     Necr           ###.         4%          1    None
 Summon Forest            Summ/Tloc      ######....   4%          5    ##.....
 Corpse Rot               Necr/Air       N/A          7%          2    None
 Slow                     Hex            ###.....     7%          2    None
 Confusing Touch          Hex            ###.....     14%         3    None
 Tukima's Dance           Hex            ###.....     14%         3    None
 Vampiric Draining        Necr           ###.......   14%         3    None
 Yara's Violent Unravell  Hex/Tmut       ###.......   32%         5    ##.....
 Animate Dead             Necr           N/A          43%         4    None
 Cause Fear               Hex            ###.......   43%         4    None
 Agony                    Necr           ###.....     78%         5    ##.....
 Alistair's Intoxication  Tmut/Pois      ###.....     78%         5    ##.....
 Silence                  Hex/Air        ###.......   78%         5    ##.....
 Summon Hydra             Summ           ######....   83%         7    ######.
 Eringya's Noxious Bog    Tmut/Pois      ###.......   100%        6    #####..
 Hydra Form               Tmut           ###.......   100%        6    #####..
 Invisibility             Hex            ###.....     100%        6    #####..
 Discord                  Hex            ###.......   100%        8    #######


Dungeon Overview and Level Annotations

Branches:
Dungeon (11/15)            Temple (0/1) D:6            Lair (6/6) D:10
  Swamp (0/4) Lair:4        Snake (0/4) Lair:2        Slime (0/5) Lair:6
    Orc (2/2) D:9             Elf (0/3) Orc:2

Altars:
Cheibriados
Dithmenos
Elyvilon
Fedhas
Kikubaaqudgha
Makhleb
Ru
Uskayaw
Vehumet
Wu Jian
Yredelemnul
Zin

Shops:
D:8 *   D:10 ?

Annotations:
D:8 3 runed translucent doors, sixsigma's ghost, novice GnWz
D:11 1 transporter
Lair:4 3 runed translucent doors, Doschamyxt's ghost, journeyman MfGl


Message History

The orc sorcerer burns!
The orc sorcerer mumbles some strange words.
The orc sorcerer gestures at you while chanting.
You suddenly lose the ability to move!
The orc sorcerer burns!
The sixfirhy hits you. The sixfirhy shocks you!
The orc sorcerer hits you but does no damage.
The orc sorcerer burns!
The orc sorcerer stops burning.
The orc sorcerer hits you but does no damage.
The orc sorcerer mumbles some strange words.
The sixfirhy hits you. The sixfirhy shocks you!
* * * LOW HITPOINT WARNING * * *
The sixfirhy hits you.
* * * LOW HITPOINT WARNING * * *
The sixfirhy shocks you!
* * * LOW HITPOINT WARNING * * *
The sixfirhy hits you but does no damage.
The sixfirhy hits you.
* * * LOW HITPOINT WARNING * * *
The sixfirhy shocks you!
You die...

...#####)##..## ##.....# #. .###
#.)))...# #......# ##. #
##.##)..# ##..##.#### #..
##..)).# ##.##....#.#####.
#..).)####...##......#...#
###...).)..#...#............
###.#......)))#.#....)......#.
##........#..3.)...............
#...........oo@.....##.........
##.........#..4....[#.#.........
#.......#.##...........###......
###.....#.###...........##......
#........#............#........
###............................
##.........####.........#....
#..........##.........###...
###.........###......#.##...


You could see a sixfirhy, 2 orc sorcerers and a red devil.

Vanquished Creatures
  Gastronok (Lair:1)
  An orc warlord (Orc:2)
  A dire elephant (Lair:6)
  2 hydras
  Josephine (D:11)
  A catoblepas (Lair:6)
  A centaur warrior (D:8)
  3 two-headed ogres
  2 death yaks (Lair:6)
  A deep troll shaman (Lair:6)
  3 orc high priests (Orc:2)
  A skeletal warrior (D:10)
  Sonja (Lair:2)
  An unseen horror (D:7)
  2 orc knights
  An ugly thing (D:9)
  3 orc sorcerers
  A cyclops (Orc:1)
  15 elephants
  6 black mambas
  7 spiny frogs
  A torpor snail (Lair:6)
  2 rime drakes
  6 komodo dragons
  4 trolls
  Prince Ribbit (D:5)
  A hornet (D:8)
  A polar bear (Lair:6)
  12 hippogriffs
  13 blink frogs
  A spriggan (D:7)
  37 yaks
  3 wraiths
  3 wyverns
  A warg (Orc:2)
  3 swamp worms (Lair:4)
  15 water moccasins
  7 porcupines
  6 ice beasts
  27 orc warriors
  2 sky beasts
  A hornet zombie (D:10)
  3 black bears
  4 phantoms
  A necrophage (D:11)
  6 centaurs
  10 wolves
  18 ogres
  10 crocodiles
  2 big kobolds (D:7)
  14 bullfrogs
  5 gnoll sergeants
  4 scorpions
  19 killer bees
  2 electric eels
  3 wights (D:6)
  2 howler monkeys
  A bullfrog zombie (D:6)
  3 crimson imps
  A quasit (D:7)
  2 centaur zombies (D:5)
  2 bullfrog skeletons (D:11)
  3 jellies
  3 hounds
  19 orc priests
  4 iguanas
  23 orc wizards
  Crazy Yiuf (D:2)
  2 centaur skeletons (D:6)
  Terence (D:2)
  6 worker ants
  Robin (D:2)
  A worker ant zombie (D:10)
  15 adders
  13 gnolls
  3 shadow imps
  An ooze (D:3)
  An adder zombie (D:9)
  2 adder skeletons
  2 worms (D:2)
  A dart slug (D:3)
  8 leopard geckos
  76 orcs
  5 ball pythons
  6 giant cockroaches
  16 goblins
  12 hobgoblins
  6 jackals (D:5)
  15 kobolds
  A quokka (D:3)
  10 bats
  5 frilled lizards
  A jackal skeleton (D:8)
  A leopard gecko zombie (D:6)
  A quokka skeleton (D:5)
  7 rats
  10 fungi
  8 plants
604 creatures vanquished.

Vanquished Creatures (collateral kills)
  A hydra (Lair:6)
  2 death yaks
  A basilisk (Lair:6)
  An ice beast (D:5)
  2 ogres
  A wyvern skeleton (D:6)
  A gnoll (D:5)
9 creatures vanquished.

Vanquished Creatures (others)
  An orc (D:3)
  5 fungi (Lair:6)
  3 plants (Lair:6)
9 creatures vanquished.

Grand Total: 622 creatures vanquished

Notes
Turn   | Place    | Note
-------+----------+-------------------------------------------
     0 | D:1      | Hasart the Deep Elf Ice Elementalist began the quest for
                  | the Orb.
     0 | D:1      | Reached XP level 1. HP: 10/10 MP: 6/6
   380 | D:1      | Reached XP level 2. HP: 15/15 MP: 5/8
   963 | D:1      | Reached skill level 5 in Ice Magic
  1092 | D:1      | Reached XP level 3. HP: 19/19 MP: 7/10
  1114 | D:1      | Learned a level 3 spell: Frozen Ramparts
  1305 | D:2      | Noticed Terence
  1309 | D:2      | Noticed Robin
  1317 | D:2      | Killed Terence
  1317 | D:2      | Reached XP level 4. HP: 21/24 MP: 8/12
  1325 | D:2      | Killed Robin
  1408 | D:2      | Found a hide-covered altar of Uskayaw.
  1496 | D:2      | Found a shadowy altar of Dithmenos.
  1684 | D:2      | Found a blossoming altar of Fedhas.
  1685 | D:2      | Found an ancient bone altar of Kikubaaqudgha.
  1747 | D:2      | Found a runed translucent door.
  1748 | D:2      | Noticed Crazy Yiuf
  2020 | D:2      | Killed Crazy Yiuf
  2020 | D:2      | Reached XP level 5. HP: 28/28 MP: 8/13
  2127 | D:3      | Reached skill level 6 in Ice Magic
  2828 | D:3      | Reached XP level 6. HP: 28/32 MP: 13/15
  3014 | D:3      | You fall into a shaft and drop 1 floor!
  3025 | D:4      | Reached skill level 5 in Spellcasting
  3107 | D:4      | Found a snail-covered altar of Cheibriados.
  3107 | D:4      | Found a basalt altar of Yredelemnul.
  3108 | D:4      | Found a glowing silver altar of Zin.
  3142 | D:4      | Reached skill level 7 in Ice Magic
  3184 | D:4      | Found a white marble altar of Elyvilon.
  3754 | D:4      | Found a sacrificial altar of Ru.
  3994 | D:4      | Learned a level 2 spell: Blink
  3999 | D:4      | Learned a level 4 spell: Hailstorm
  4035 | D:5      | Entered Level 5 of the Dungeon
  4044 | D:5      | Reached XP level 7. HP: 36/36 MP: 9/17
  4050 | D:5      | Reached skill level 5 in Dodging
  4097 | D:5      | Noticed Prince Ribbit
  4099 | D:5      | Reached skill level 1 in Conjurations
  4103 | D:5      | Reached skill level 1 in Translocations
  4113 | D:5      | Killed Prince Ribbit
  4113 | D:5      | Reached skill level 8 in Ice Magic
  4245 | D:5      | Reached XP level 8. HP: 33/41 MP: 16/19
  4276 | D:5      | Learned a level 4 spell: Summon Ice Beast
  4993 | D:5      | Noticed a two-headed ogre
  5063 | D:5      | Killed a two-headed ogre
  5063 | D:5      | Reached skill level 9 in Ice Magic
  5063 | D:5      | Reached XP level 9. HP: 38/45 MP: 15/22
  5657 | D:6      | Found a radiant altar of Vehumet.
  5660 | D:6      | Became a worshipper of Vehumet
  6351 | D:6      | Reached skill level 10 in Ice Magic
  6649 | D:6      | Reached skill level 1 in Summonings
  6923 | D:6      | Reached skill level 5 in Translocations
  7046 | D:6      | Reached * piety under Vehumet
  7046 | D:6      | Offered knowledge of Sandblast by Vehumet.
  7081 | D:6      | Found a staircase to the Ecumenical Temple.
  7202 | D:6      | Reached skill level 5 in Conjurations
  7920 | D:7      | Reached XP level 10. HP: 26/50 MP: 5/24
  8109 | D:7      | Killed an unseen horror
  8505 | D:7      | Reached skill level 1 in Fighting
  8931 | D:7      | Found a burning altar of Makhleb.
  8962 | D:8      | Noticed a two-headed ogre
  9132 | D:8      | Killed a two-headed ogre
  9132 | D:8      | Reached skill level 11 in Ice Magic
  9221 | D:8      | Noticed a centaur warrior
  9229 | D:8      | Killed a centaur warrior
  9323 | D:8      | Offered knowledge of Foxfire by Vehumet.
  9330 | D:8      | Found an ornate altar of the Wu Jian Council.
  9440 | D:8      | Reached ** piety under Vehumet
  9685 | D:8      | Found a runed translucent gate.
  9685 | D:8      | Found a runed translucent gate.
  9685 | D:8      | Found a runed translucent gate.
  9802 | D:8      | Noticed sixsigma's ghost (novice GnWz)
  9919 | D:8      | Reached XP level 11. HP: 58/58 MP: 15/26
 10031 | D:8      | Found Vank's General Store.
 10036 | D:8      | Bought 2 potions of heal wounds for 120 gold pieces
 10431 | D:9      | Noticed a red ugly thing
 10445 | D:9      | Killed a red ugly thing
 10613 | D:9      | Noticed a two-headed ogre
 10621 | D:9      | Noticed an eight-headed hydra
 10626 | D:9      | Offered knowledge of Inner Flame by Vehumet.
 10626 | D:9      | Killed a two-headed ogre
 10626 | D:9      | Reached skill level 1 in Shields
 10724 | D:9      | Killed an eight-headed hydra
 10724 | D:9      | Reached skill level 10 in Spellcasting
 10724 | D:9      | Reached skill level 12 in Ice Magic
 10824 | D:9      | Got an ivory scimitar
 10825 | D:9      | Identified the +3 scimitar "Cizuz" {freeze, rPois Str+4
                  | Dex+2} (You found it on level 9 of the Dungeon)
 10867 | D:9      | Reached *** piety under Vehumet
 10941 | D:9      | Found a staircase to the Orcish Mines.
 10953 | D:9      | Offered knowledge of Sticky Flame by Vehumet.
 10954 | D:9      | Reached skill level 5 in Summonings
 11483 | D:9      | Learned a level 4 spell: Sticky Flame
 11550 | D:10     | Entered Level 10 of the Dungeon
 11578 | D:10     | Reached **** piety under Vehumet
 11589 | D:10     | Found a staircase to the Lair.
 11671 | D:10     | Offered knowledge of Iskenderun's Battlesphere by Vehumet.
 11678 | D:10     | Learned a level 5 spell: Iskenderun's Battlesphere
 11680 | D:10     | Learned a level 1 spell: Magic Dart
 12416 | D:10     | Found Idghuife's Magic Scroll Shoppe.
 12422 | D:10     | Bought a scroll of teleportation for 39 gold pieces
 12820 | D:11     | Noticed Josephine
 12824 | D:11     | Killed Josephine
 12824 | D:11     | Reached skill level 1 in Fire Magic
 13300 | D:11     | Found a transporter.
 13412 | D:11     | Noticed a skeletal warrior
 13412 | D:11     | Noticed a skeletal warrior
 13417 | D:11     | Noticed a skeletal warrior
 13458 | D:10     | Killed a skeletal warrior
 13458 | D:10     | Reached XP level 12. HP: 32/66 MP: 8/28
 13643 | Lair:1   | Entered Level 1 of the Lair of Beasts
 13763 | Lair:1   | Noticed Gastronok
 13778 | Lair:1   | Killed Gastronok
 14419 | Lair:1   | Reached skill level 13 in Ice Magic
 14767 | Lair:2   | Noticed Sonja
 14949 | Lair:2   | Noticed an eight-headed hydra
 14955 | Lair:2   | Killed an eight-headed hydra
 15287 | Lair:2   | Killed Sonja
 15740 | Lair:2   | Found a staircase to the Snake Pit.
 15990 | Lair:2   | Reached ***** piety under Vehumet
 16022 | Lair:2   | Offered knowledge of Lightning Bolt by Vehumet.
 17426 | Lair:4   | Reached XP level 13. HP: 72/72 MP: 19/30
 17681 | Lair:4   | Found a staircase to the Swamp.
 17990 | Lair:4   | Reached skill level 5 in Fighting
 18521 | Lair:4   | Noticed Doschamyxt's ghost (journeyman MfGl)
 18543 | Lair:4   | Found a runed translucent gate.
 18543 | Lair:4   | Found a runed translucent gate.
 18543 | Lair:4   | Found a runed translucent gate.
 20012 | Lair:6   | Entered Level 6 of the Lair of Beasts
 20034 | Lair:6   | Reached skill level 14 in Ice Magic
 20049 | Lair:6   | Reached skill level 5 in Fire Magic
 20065 | Lair:6   | Offered knowledge of Conjure Ball Lightning by Vehumet.
 20371 | Lair:6   | Found a staircase to the Slime Pits.
 20455 | Lair:6   | Reached skill level 1 in Charms
 20977 | Lair:5   | Reached skill level 1 in Evocations
 21628 | Lair:6   | Reached skill level 5 in Shields
 21940 | Lair:6   | Reached skill level 5 in Charms
 21947 | Lair:6   | Reached XP level 14. HP: 54/78 MP: 24/32
 22957 | Orc:1    | Entered Level 1 of the Orcish Mines
 22978 | D:9      | Reached skill level 15 in Ice Magic
 23474 | Orc:2    | Entered Level 2 of the Orcish Mines
 23474 | Orc:2    | Found a staircase to the Elven Halls.
 23937 | Orc:2    | Reached skill level 10 in Conjurations
 24184 | Orc:2    | Offered knowledge of Fireball by Vehumet.
 24319 | Orc:2    | Noticed an orc warlord
 24351 | Orc:2    | Killed an orc warlord
 24372 | Orc:2    | Paralysed by an orc sorcerer for 6 turns
 24376 | Orc:2    | HP: 2/78 [sixfirhy[an orc warlord] (6)]
 24376 | Orc:2    | Mangled by a sixfirhy

Levels and vault maps discovered:
D:1:      ncdulo_smallfort, layout_basic
D:2:      layout_rooms, grunt_temple_overflow_growth_and_decay,
          chequers_temple_overflow_statue_of_worship, uniq_crazy_yiuf_cottage,
          uniq_robin, uniq_terence
D:3:      layout_basic, hex_medium, minmay_increasing_density
D:4:      layout_rooms, nicolae_ru_path_of_blood,
          nicolae_overflow_quartered_altars
D:5:      layout_rooms, first_ration, minmay_quadrilaterals, uniq_prince_ribbit1
D:6:      layout_cave_pods, vehumet_altar_wand_db,
          minmay_temple_entry_glassed_door, serial_rivers,
          chequers_serial_rivers_large_b, chequers_serial_rivers_micro_e,
          chequers_serial_rivers_room_a, chequers_serial_rivers_micro_b,
          serial_park_tiny_1
D:7:      layout_basic, nicolae_overflow_hidden_temple, the_bakery,
          minmay_manual_mess
D:8:      layout_rooms, lemuel_coloured_pillars_altar, serial_shops,
          kennysheep_little_box, chequers_ossuary_entry_cave,
          ebering_ghost_rock_garden
D:9:      layout_irregular_city, kennysheep_orc_monster_closet_entryway,
          minmay_mirror_moons_of_madness
D:10:     layout_basic, lair_entry_dummy, serial_shops, shop_scrolls,
          kennysheep_potato
D:11:     layout_roguey, gammafunk_ghost_smash, uniq_josephine, uniq_harold
Lair:1:   layout_hall_layers, uniq_gastronok
Lair:2:   layout_loops_ring, minmay_snake_entry_six_corridors, uniq_sonja
Lair:3:   layout_gridlike
Lair:4:   layout_gridlike, nicolae_swamp_entry_splash_gauntlet,
          gammafunk_ghost_icy
Lair:5:   layout_cave_pods
Lair:6:   grunt_lair_end_beastmaster, layout_loops_ring, slime_dummy,
          serial_bayou_shore_b
Orc:1:    layout_caves
Orc:2:    st_orc_congregation, layout_diamond_mine, serial_shops,
          nicolae_shop_competitors_out_of_business, nicolae_orc_tapped_out

Skill      XL: |  1  2  3  4  5  6  7  8  9 10 11 12 13 14 |
---------------+-------------------------------------------+-----
Ice Magic      | 5 6 7 8 9 10 11 12 13 14 15 | 15.4
Dodging        | 3 4 5 6 7 8 |  8.0
Spellcasting   | 4 5 6 7 8 9 10 11 12 13 | 13.1
Conjurations   | 2 3 5 6 7 8 9 10 | 10.2
Translocations | 2 4 5 6 7 8 |  8.2
Summonings     | 2 4 5 6 8 |  8.0
Fighting       | 2 3 4 5 |  5.0
Shields        | 2 3 5 |  5.0
Fire Magic     | 1 4 6 |  6.0
Charms         | 5 6 |  6.0
Evocations     | 2 4 |  4.5
Stealth        | |  2.4

Action                   |  1- 3 |  4- 6 |  7- 9 | 10-12 | 13-15 || total
-------------------------+-------+-------+-------+-------+-------++-------
Melee: Hand axe          |     6 |     7 |       |       |       ||    13
       Rapier            |       |    37 |   149 |    60 |       ||   246
       Scimitar          |       |       |       |   133 |   167 ||   300
 Cast: Freeze            |    32 |    53 |    25 |    86 |    47 ||   243
       Frozen Ramparts   |     2 |    12 |    15 |    32 |    24 ||    85
       Hailstorm         |       |     1 |    31 |   106 |    76 ||   214
       Summon Ice Beast  |       |       |     7 |     3 |    14 ||    24
       Blink             |       |       |     2 |     1 |     4 ||     7
       Magic Dart        |       |       |       |    26 |    18 ||    44
       Sticky Flame      |       |       |       |    30 |    80 ||   110
       Iskenderun's Batt |       |       |       |     5 |     4 ||     9
Evoke: Wand              |       |       |     2 |     5 |       ||     7
  Use: Scroll            |       |     1 |       |     2 |     2 ||     5
       Potion            |       |       |       |     2 |     1 ||     3
 Stab: Sleeping          |     2 |     1 |     2 |    13 |     5 ||    23
       Petrified         |       |       |       |       |     1 ||     1
  Eat: Chunk             |     1 |     8 |    13 |    25 |    18 ||    65
       Ration            |       |       |     1 |     2 |     1 ||     4
Armor: Robe              |     2 |    17 |    27 |     3 |       ||    49
       Leather armour    |       |       |       |    84 |    47 ||   131
       Troll leather arm |       |       |       |       |    24 ||    24
Dodge: Dodged            |    19 |    87 |   150 |   290 |   255 ||   801
Block: Buckler           |       |       |       |    49 |    89 ||   138
       Rpst.: Scimitar   |       |       |       |    53 |    73 ||   126

Table legend:
 A = Non-vault XP
 B = Vault XP
 C = Vault XP percentage of total XP
 D = Non-vault monster count
 E = Vault monster count
 F = Vault count percentage of total count
                 A         B        C        D         E       F
            +---------+---------+-------+---------+---------+-------
      Total |   55235 |   26928 |  32.8 |     459 |     136 |  22.9
            +---------+---------+-------+---------+---------+-------
        D:1 |      41 |       0 |   0.0 |      22 |       0 |   0.0
        D:2 |      81 |     109 |  57.4 |      24 |      13 |  35.1
        D:3 |     158 |      12 |   7.1 |      26 |       6 |  18.8
        D:4 |     266 |       0 |   0.0 |      10 |       0 |   0.0
        D:5 |    1037 |    1292 |  55.5 |      27 |       6 |  18.2
        D:6 |    1800 |       2 |   0.1 |      27 |       1 |   3.6
        D:7 |    1193 |    1149 |  49.1 |      27 |       4 |  12.9
        D:8 |    4133 |       0 |   0.0 |      31 |       0 |   0.0
        D:9 |    3648 |    3072 |  45.7 |      28 |      26 |  48.1
       D:10 |    2416 |     377 |  13.5 |      31 |       3 |   8.8
       D:11 |    1276 |    1424 |  52.7 |      16 |       3 |  15.8
     Lair:1 |    2420 |    2120 |  46.7 |      10 |       1 |   9.1
     Lair:2 |    4811 |    2076 |  30.1 |      17 |      14 |  45.2
     Lair:3 |    1484 |       0 |   0.0 |       8 |       0 |   0.0
     Lair:4 |    5637 |     557 |   9.0 |      32 |       4 |  11.1
     Lair:5 |    3014 |     726 |  19.4 |      13 |       1 |   7.1
     Lair:6 |   16176 |    8158 |  33.5 |      54 |      17 |  23.9
      Orc:1 |    1783 |       0 |   0.0 |      21 |       0 |   0.0
      Orc:2 |    3861 |    5854 |  60.3 |      35 |      37 |  51.4
            +---------+---------+-------+---------+---------+-------
